 Dungeon Crawl Stone Soup version 0.17.1-1-g73c8601 (console) character file.

77 Kloppie the Skirmisher (level 4, -3/42 HPs)
             Began as a Ghoul Monk on Dec 18, 2015.
             Slain by a gnoll
             ... wielding a +0 halberd
              (7 damage)
             ... on level 2 of the Dungeon.
             The game lasted 00:02:26 (1250 turns).

Kloppie the Skirmisher (Ghoul Monk)                 Turns: 1250, Time: 00:02:26

Health: -3/42      AC:  6    Str: 15    XL:     4   Next: 34%
Magic:  3/3        EV: 11    Int:  5    God:
Gold:   116        SH:  0    Dex: 11    Spells: 0 memorised, 3 levels left

rFire  . . .     SeeInvis .       - Unarmed
rCold  + . .     Clarity  .     j - +0 ring mail
rNeg   + + +     SustAt   .     (no shield)
rPois  ∞         Gourm    .     (no helmet)
rElec  .         Spirit   .     (no cloak)
rCorr  .         Warding  .     (no gloves)
rMut   .         Stasis   .     i - +0 pair of boots
MR     .....                    (no amulet)
Stlth  +.........               (no ring)
                                (no ring)

@: rotting, not resistant to hostile enchantments, very unstealthy
A: rotting body, claws 1, carnivore 3, cold resistance 1, negative energy
resistance 3, slow regeneration 1, torment resistance, unbreathing
a: no special abilities


You were on level 2 of the Dungeon.
You were not hungry.

You visited 1 branch of the dungeon, and saw 3 of its levels.

You collected 116 gold pieces.

Inventory:

Armour
 e - a +0 large shield
 i - a +0 pair of boots (worn)
 j - a +0 ring mail (worn)
Jewellery
 l - a +2 ring of evasion {unknown}
Scrolls
 a - a scroll of noise {unknown}
 c - a scroll of amnesia {unknown}
 d - a scroll of fear {unknown}
 f - 2 scrolls of remove curse {unknown}
 m - a scroll of identify {unknown}
Potions
 g - 2 potions of magic {unknown}
 h - a potion of heal wounds {unknown}
Comestibles
 b - 2 meat rations
 k - a slice of pizza
 n - a chunk of flesh


   Skills:
 + Level 5.5 Fighting
 - Level 2.6 Dodging
 - Level 2.1 Stealth
 - Level 4.3 Unarmed Combat


You had 3 spell levels left.
You didn't know any spells.

Dungeon Overview and Level Annotations

Branches:
Dungeon (3/15)

Altars:
The Shining One


Innate Abilities, Weirdness & Mutations

Your body is rotting away.
You thrive on raw meat.
You are immune to poison.
You have sharp fingernails.
You are carnivorous and can eat meat at any time.
Your flesh is cold resistant.
You are immune to negative energy.
You regenerate slowly when monsters are visible.
You are immune to unholy pain and torment.
You can survive without breathing.


Message History

You butcher the gnoll corpse.
A gnoll comes into view. It is wielding a halberd.
Things that are here:
a whip; a club; 2 chunks of flesh Eat one of 3 chunks of flesh? (ye/n/q/i?) This raw flesh tastes great!
You continue eating.
The gnoll closely misses you.
You continue eating.
Eat one of 2 chunks of flesh? (ye/n/q/i?) This raw flesh tastes great!
The gnoll hits you from afar with a halberd!
* * * LOW HITPOINT WARNING * * *
You continue eating.
The gnoll barely misses you.
You continue eating.
The gnoll hits you from afar with a halberd!
* * * LOW HITPOINT WARNING * * *
The gnoll hits you with a halberd!
You die...

#.# #..#######.# #.# #.....##
#.# #.# ##..###.# #.# #.#
#...# #.###.### #)#
#...###.......## #.##
#............... #.#.##
#........##.#.##
#.###.#########..#...####.#.##
#.# ##).....g@............#...
## #.########################
#.# #.# ##


You could see a gnoll.

Vanquished Creatures
  An adder (D:2)
  3 gnolls (D:2)
  An adder zombie (D:3)
  3 giant geckos
  3 bats
  2 giant cockroaches
  3 hobgoblins
  A ball python (D:2)
  A ball python skeleton (D:3)
  A giant newt (D:1)
  2 goblins
  A jackal skeleton (D:3)
  6 kobolds
  A quokka skeleton (D:3)
  4 rats
33 creatures vanquished.

Notes
Turn   | Place    | Note
--------------------------------------------------------------
     0 | D:1      | Kloppie the Ghoul Monk began the quest for the Orb.
     0 | D:1      | Reached XP level 1. HP: 19/19 MP: 0/0
   221 | D:1      | Reached XP level 2. HP: 20/27 MP: 1/1
   725 | D:2      | Reached XP level 3. HP: 30/34 MP: 2/2
   821 | D:2      | You fall through a shaft!
  1036 | D:3      | Reached skill level 5 in Fighting
  1131 | D:2      | Found a glowing golden altar of the Shining One.
  1229 | D:2      | Reached XP level 4. HP: 23/42 MP: 3/3
  1250 | D:2      | Slain by a gnoll

Action                   |  1- 3 |  4- 6 || total
-------------------------+-------+-------++-------
Melee: Unarmed           |    96 |     4 ||   100
 Stab: Sleeping          |     1 |       ||     1
  Eat: Chunk             |     5 |     2 ||     7
